[Event "Team 45 45 League T41"]
[Site "Internet Chess Club"]
[Date "2009.05.23"]
[Round "4"]
[White "hcarstens"]
[Black "AtomicDog"]
[Result "0-1"]
[WhiteElo "1380"]
[BlackElo "1284"]
[Opening "Sicilian: Najdorf, Lipnitzky attack"]
[ECO "B86"]
[Time "08:00:22"]
[TimeControl "2700+45"]

1. e4 c5 2. Nf3 d6 3. d4 cxd4 4. Nxd4 Nf6 5. Bc4 a6 6. Nc3 e6 7. O-O d5 8. exd5
Nxd5 9. Nxd5 exd5 10. Re1+ Be7 11. Bb3 O-O 12. c3 Nc6 13. Bc2 Nxd4 14. Qxd4 Kh8
15. Re3 Bf6 16. Qd3 g6 17. Rf3 Bg7 18. Rg3 Bf5 19. Qd1 Bxc2 20. Qxc2 Qd6 21. h4
f5 22. Qa4 Rae8 23. Bg5 Re4 24. Qb3 b5 25. Rd3 Rfe8 26. g3 R8e5 27. Kg2 Qc5 28.
Qc2 Re2 29. Be3 R5xe3 30. b4 Qe7 31. Rd2 Rxd2 32. Qxd2 Re2 33. Qxd5 Bxc3 34.
Qa8+ Kg7 35. Rf1 Qe4+ 36. Qxe4 Rxe4 37. Rd1 Rd4 38. Re1 Bxe1 39. f3 Rxb4 40. f4
Rb2+ 41. Kf3 Rf2+ 42. Ke3 Rxa2 {White resigns} 0-1

[Event "Team 45 45 League T41"]
[Site "Internet Chess Club"]
[Date "2009.05.25"]
[Round "4"]
[White "AlPearson"]
[Black "Just-Jim"]
[Result "0-1"]
[WhiteElo "1373"]
[BlackElo "1480"]
[Opening "English opening"]
[ECO "A20"]
[Time "10:03:00"]
[TimeControl "2700+45"]

1. c4 e5 2. g3 Nf6 3. Bg2 Bc5 4. Nc3 a6 5. e4 d6 6. Nge2 Ng4 7. O-O c6 8. d3 Qf6
9. Qe1 Qd8 10. h3 Nf6 11. Kh2 h6 12. f4 exf4 13. Bxf4 O-O 14. Qd2 Kh7 15. Bxh6
gxh6 16. Rf3 Be6 17. Raf1 Nbd7 18. Nf4 b5 19. Nxe6 fxe6 20. Rf4 Nh5 21. Rh4 Rxf1
22. Bxf1 Qf6 23. Rxh5 Ne5 24. Bg2 Rf8 25. Nd1 Bd4 26. b3 Rg8 27. Ne3 Qg6 28. g4
Qf6 29. Nc2 Bb6 30. d4 Nf7 31. e5 dxe5 32. dxe5 Nxe5 33. g5 Rxg5 34. Qxg5 Qxg5
35. Rxg5 hxg5 36. cxb5 cxb5 37. Kg3 Kg6 38. b4 Kf5 39. Bf3 Bc7 40. Bg4+ Nxg4+
41. Kf3 {White resigns} 0-1

[Event "Team 45 45 League T41"]
[Site "Internet Chess Club"]
[Date "2009.05.20"]
[Round "4"]
[White "thefranman"]
[Black "Traho"]
[Result "1-0"]
[WhiteElo "1491"]
[BlackElo "1170"]
[Opening "English, 1...Nf6 (Anglo-Indian defense)"]
[ECO "A15"]
[Time "18:00:24"]
[TimeControl "2700+45"]

1. c4 Nf6 2. d3 e6 3. Nc3 Bb4 4. Bd2 a6 5. a3 Bc5 6. e3 Ba7 7. Nf3 c6 8. Be2 d5
9. cxd5 cxd5 10. O-O O-O 11. Rc1 Nbd7 12. b4 b5 13. Qc2 Bb7 14. Nd4 Rc8 15. Qb2
Ne5 16. f4 Nc6 17. Nxc6 Bxc6 18. d4 Bb6 19. Qb1 Qd7 20. Bd3 Bd8 21. Be1 Qb7 22.
Bh4 Ne4 23. Bxe4 dxe4 24. Bxd8 Rfxd8 25. f5 Re8 26. fxe6 Rxe6 27. d5 Bxd5 28.
Nxd5 Rec6 29. Rxc6 Rxc6 30. Qxe4 Re6 31. Nf6+ gxf6 32. Qxb7 {Black resigns} 1-0

[Event "Team 45 45 League T41"]
[Site "Internet Chess Club"]
[Date "2009.05.22"]
[Round "4"]
[White "dinkola"]
[Black "fishhead"]
[Result "0-1"]
[WhiteElo "1596"]
[BlackElo "1931"]
[Opening "Nimzo-Indian defense"]
[ECO "E20"]
[Time "17:05:08"]
[TimeControl "2700+45"]

1. d4 Nf6 2. c4 e6 3. Nc3 Bb4 4. Bd2 d5 5. e3 O-O 6. Bd3 b6 7. a3 Be7 8. Nf3 Bb7
9. cxd5 Nxd5 10. e4 Nxc3 11. bxc3 c5 12. O-O Nd7 13. Re1 Qc7 14. g3 e5 15. d5 c4
16. Bc2 Nc5 17. Be3 Rad8 18. Bxc5 Bxc5 19. Nh4 g6 20. Kg2 f5 21. Rf1 Qe7 22. f3
f4 23. Qe2 Ba6 24. a4 Rc8 25. Qe1 Qg5 26. g4 h5 27. h3 Be7 28. d6 Bf6 29. Nxg6
Qxg6 30. Rh1 Rfd8 31. Rd1 Rc6 32. d7 Rc7 33. Kh2 Rcxd7 34. Rxd7 Rxd7 35. g5 Be7
36. Rg1 Bc5 37. Rg2 Be3 38. h4 Kg7 39. Re2 Qd6 40. Qf1 Qa3 41. Qh3 Qe7 42. Qf5
Bc8 43. Rg2 Rd8 44. Qf6+ Qxf6 45. gxf6+ Kxf6 {White resigns} 0-1

[Event "Team 45 45 League T41"]
[Site "Internet Chess Club"]
[Date "2009.05.21"]
[Round "4"]
[White "musk6868"]
[Black "woodmover"]
[Result "0-1"]
[WhiteElo "1676"]
[BlackElo "1718"]
[Opening "French: Steinitz variation"]
[ECO "C11"]
[Time "06:06:41"]
[TimeControl "2700+45"]

1. e4 e6 2. d4 d5 3. Nc3 Nf6 4. e5 Nfd7 5. f4 c5 6. Nf3 Nc6 7. Be2 a6 8. a4 cxd4
9. Nxd4 Bc5 10. Nb3 Ba7 11. Bf3 Qb6 12. Rf1 O-O 13. Qe2 f6 14. Bd2 fxe5 15. fxe5
Ndxe5 16. O-O-O Nxf3 17. gxf3 Bd7 18. Qg2 Rf6 19. Rg1 Rg6 20. Bg5 h6 21. h4 hxg5
22. h5 Qe3+ 23. Kb1 Rh6 24. Rde1 Qf4 25. Ne2 Qf7 26. Rgf1 Rxh5 27. f4 gxf4 28.
Nxf4 Rf5 29. Ng6 Rf6 30. Rg1 Bxg1 31. Rxg1 Rxg6 32. Qxg6 Qxg6 33. Rxg6 Rf8 34.
Nd2 Rf6 35. Rg3 Ne5 36. Rb3 Bc6 37. Re3 Rf5 38. b3 Kf7 39. c4 dxc4 40. bxc4 Bxa4
41. Ne4 Nxc4 42. Rc3 b5 {White resigns} 0-1

[Event "Team 45 45 League T41"]
[Site "Internet Chess Club"]
[Date "2009.05.21"]
[Round "4"]
[White "Mater"]
[Black "wbanks"]
[Result "0-1"]
[WhiteElo "1606"]
[BlackElo "1759"]
[Opening "QGD: 3...Nf6"]
[ECO "D35"]
[Time "17:52:24"]
[TimeControl "2700+45"]

1. d4 d5 2. c4 e6 3. Nc3 Nf6 4. a3 Be7 5. Bf4 O-O 6. Nf3 b6 7. e3 Bb7 8. b4 Bd6
9. Ne5 dxc4 10. Nb5 Nd5 11. Bg3 Bxe5 12. Bxe5 f6 13. Bg3 a6 14. e4 axb5 15. exd5
Bxd5 16. Qg4 f5 17. Qd1 f4 18. Qc2 Qf6 19. f3 Qxd4 20. Bf2 Qxa1+ {White resigns}
0-1

[Event "Team 45 45 League T41"]
[Site "Internet Chess Club"]
[Date "2009.05.31"]
[Round "4"]
[White "Paulkov"]
[Black "pedrin"]
[Result "1-0"]
[WhiteElo "1859"]
[BlackElo "1094"]
[Opening "Scandinavian (center counter) defense"]
[ECO "B01"]
[Time "17:01:41"]
[TimeControl "2700+45"]

1. e4 d5 2. exd5 Qxd5 3. Nc3 Qe5+ 4. Qe2 Qxe2+ 5. Bxe2 Nf6 6. d4 Bf5 7. Bg5 Bxc2
8. Bxf6 exf6 9. Rc1 Bf5 10. Nd5 Bd6 11. Nxc7+ Bxc7 12. Rxc7 O-O 13. Rxb7 Be4 14.
Bf3 Bxf3 15. Nxf3 Rd8 16. O-O a5 17. Rc1 Na6 18. a3 Rd6 19. Rb5 a4 20. Ra5 Re8
21. Kf1 h6 22. Rxa4 Kf8 23. b4 Re7 24. Rc8+ Re8 25. Rxe8+ Kxe8 26. Ke2 {Black
resigns} 1-0

[Event "Team 45 45 League T41"]
[Site "Internet Chess Club"]
[Date "2009.05.26"]
[Round "4"]
[White "andrew28"]
[Black "AntonioMendonca"]
[Result "0-1"]
[WhiteElo "1711"]
[BlackElo "1705"]
[Opening "Sicilian: dragon, 6.Be3"]
[ECO "B72"]
[Time "17:41:11"]
[TimeControl "2700+45"]

1. e4 c5 2. Nf3 d6 3. d4 cxd4 4. Nxd4 Nf6 5. Nc3 g6 6. Be3 Bg7 7. Bb5+ Bd7 8.
O-O O-O 9. Bc4 Ng4 10. Bg5 h6 11. Bh4 Nc6 12. Ne6 Bxe6 13. Bxe6 Nxh2 14. Kxh2
fxe6 15. Qg4 Kh7 16. Qxe6 Qa5 17. Qh3 Bxc3 18. bxc3 Qe5+ 19. Kg1 Rf7 20. Rae1
Raf8 21. Re3 Qh5 22. g4 Qa5 23. Kg2 Qxa2 24. Bg5 Kg8 25. Bxh6 Rh7 26. g5 Ne5 27.
f4 Nf7 28. Rf2 Qc4 29. Qg4 Nxh6 30. gxh6 Rxh6 31. Qg5 Rh7 32. f5 Qf7 33. Rg3 Rg7
34. Qh6 Qf6 35. Rff3 g5 36. Qh5 Rff7 37. e5 dxe5 38. Rd3 Qxf5 39. Rd8+ Rf8 40.
Rxf8+ Qxf8 41. Rf3 Rf7 42. Qg6+ Qg7 43. Qe6 g4 44. Rg3 Kh7 45. Qd5 b6 46. c4 Qg6
47. Rd3 e4 48. Rd1 e3 49. Rh1+ Kg7 50. Qd4+ Rf6 51. Qxe3 Qxc2+ 52. Kg3 Rf3+ 53.
Qxf3 gxf3 54. Kxf3 Qxc4 {White resigns} 0-1

[Event "Team 45 45 League T41"]
[Site "Internet Chess Club"]
[Date "2009.05.25"]
[Round "4"]
[White "rayngrant"]
[Black "katesolu"]
[Result "0-1"]
[WhiteElo "1561"]
[BlackElo "1795"]
[Opening "Sicilian: dragon, Yugoslav attack, Rauser variation"]
[ECO "B76"]
[Time "21:15:35"]
[TimeControl "2700+45"]

1. e4 c5 2. Nf3 d6 3. d4 cxd4 4. Nxd4 Nf6 5. Nc3 g6 6. f3 Bg7 7. Be3 O-O 8. Qd2
Nc6 9. O-O-O d5 10. exd5 Nxd5 11. Nxd5 Qxd5 12. Nb3 Qe5 13. Bd4 Nxd4 14. Nxd4
Rd8 15. c3 Be6 16. Kb1 Qd5 17. b3 Rac8 18. Bc4 Bf5+ 19. Kb2 Qa5 20. Qe3 Bxd4 21.
Rxd4 Rxd4 22. Qxd4 Rd8 23. Qe3 b5 24. b4 Qa6 25. Qxe7 Rd2+ 26. Kc1 Rc2+ 27. Kd1
bxc4 28. Qe8+ Kg7 {White resigns} 0-1

[Event "Team 45 45 League T41"]
[Site "Internet Chess Club"]
[Date "2009.05.23"]
[Round "4"]
[White "rojito"]
[Black "allanchs"]
[Result "1-0"]
[WhiteElo "1753"]
[BlackElo "1523"]
[Opening "Queen's pawn game, Darooha variation "]
[ECO "E06"]
[Time "12:04:02"]
[TimeControl "2700+45"]

1. d4 d5 2. Nf3 Nf6 3. g3 e6 4. Bg2 Be7 5. O-O O-O 6. c4 c6 7. Nc3 Nbd7 8. Nd2
e5 9. dxe5 Nxe5 10. cxd5 cxd5 11. Nb3 Be6 12. Bg5 Rc8 13. Nd4 Nc6 14. Rc1 h6 15.
Be3 Qd7 16. Nxc6 bxc6 17. Na4 Bh3 18. Bc5 Bxg2 19. Kxg2 Rfe8 20. e3 Bxc5 21.
Nxc5 Qe7 22. Qd4 Ne4 23. Rfd1 Nxc5 24. Rxc5 Qe6 25. Rdc1 Re7 26. b4 Rb7 27. a3
Rb5 28. a4 Rxc5 29. Qxc5 Qd7 30. b5 Qe6 31. bxc6 Qe4+ 32. Kg1 Qxa4 33. Qxd5 Kh7
34. Qf5+ {Black resigns} 1-0

[Event "Team 45 45 League T41"]
[Site "Internet Chess Club"]
[Date "2009.05.23"]
[Round "4"]
[White "jonesey"]
[Black "chiiwen"]
[Result "0-1"]
[WhiteElo "2073"]
[BlackElo "2078"]
[Opening "Réti opening"]
[ECO "A05"]
[Time "14:00:27"]
[TimeControl "2700+45"]

1. Nf3 Nf6 2. g3 d5 3. Bg2 Bg4 4. O-O Nbd7 5. h3 Bh5 6. d3 c6 7. Re1 e6 8. e4
dxe4 9. dxe4 Nc5 10. Nbd2 Nfxe4 11. g4 Bg6 12. Ne5 Nxd2 13. Bxd2 Be7 14. Nxc6
bxc6 15. Bxc6+ Nd7 16. Ba5 Qc8 17. Qf3 O-O 18. Bb7 Qe8 19. Bc6 Rc8 20. Rad1 Ne5
21. Rxe5 Qxc6 22. Qxc6 Rxc6 23. Rd7 Bf6 24. Rb5 a6 25. Rbb7 Rxc2 26. Bb4 Rc1+
{White resigns} 0-1

[Event "Team 45 45 League T41"]
[Site "Internet Chess Club"]
[Date "2009.05.27"]
[Round "4"]
[White "martineden"]
[Black "fledermaus"]
[Result "1/2-1/2"]
[WhiteElo "2004"]
[BlackElo "1969"]
[Opening "QGD: Alekhine variation"]
[ECO "D37"]
[Time "10:30:08"]
[TimeControl "2700+45"]

1. d4 d5 2. c4 e6 3. Nf3 Nf6 4. Nc3 Nbd7 5. Bg5 c6 6. e4 dxe4 7. Nxe4 Qa5+ 8.
Bd2 Qc7 9. Bd3 Nxe4 10. Bxe4 Be7 11. O-O O-O 12. Re1 Nf6 13. Bd3 b6 14. Qe2 Bb7
15. Ng5 Rad8 16. Bc3 Qf4 17. Nf3 Rfe8 18. Rad1 c5 19. dxc5 Bxc5 20. b4 Bd6 21.
Ne5 Nd7 22. Bxh7+ Kxh7 23. Rxd6 Nxe5 24. Bxe5 Qg5 25. f3 f6 26. Qd3+ f5 27. Bg3
Rxd6 28. Qxd6 e5 29. Rxe5 Qc1+ 30. Be1 Rxe5 31. Qxe5 Qxc4 32. Qxf5+ Kg8 33. Qb1
Bd5 34. a4 Qe2 35. Bf2 Qd2 36. Qe1 Qa2 37. a5 bxa5 38. bxa5 a6 39. h4 Qc4 40. h5
Bf7 41. Qe5 Qc1+ 42. Kh2 Qd2 43. Be3 Qe1 44. g4 Qe2+ 45. Kg3 Qe1+ 46. Kf4 Qb4+
47. Bd4 Qf8 48. h6 Bd5+ 49. Qf5 gxh6 50. Qxf8+ Kxf8 51. Kg3 Kf7 52. f4 Bb3 53.
Kh4 Bd1 54. g5 Kg6 55. gxh6 Kxh6 56. f5 Be2 57. Be3+ Kg7 58. Kg5 Kf7 59. Bd4 Bf1
{Game drawn by mutual agreement} 1/2-1/2

[Event "Team 45 45 League T41"]
[Site "Internet Chess Club"]
[Date "2009.05.24"]
[Round "4"]
[White "Chessrascal"]
[Black "VietLion"]
[Result "1-0"]
[WhiteElo "2231"]
[BlackElo "1952"]
[Opening "Sicilian: closed"]
[ECO "B24"]
[Time "14:30:17"]
[TimeControl "2700+45"]

1. e4 c5 2. Nc3 Nc6 3. g3 g6 4. Bg2 Bg7 5. d3 e6 6. f4 Nge7 7. Nf3 Rb8 8. O-O
O-O 9. Be3 d6 10. e5 dxe5 11. fxe5 Nxe5 12. Bxc5 Qa5 13. Bxe7 Qb6+ 14. Kh1 Nxf3
15. Qxf3 {Black resigns} 1-0

[Event "Team 45 45 League T41"]
[Site "Internet Chess Club"]
[Date "2009.05.22"]
[Round "4"]
[White "chess9793"]
[Black "whitetiger"]
[Result "0-1"]
[WhiteElo "1878"]
[BlackElo "1894"]
[Opening "Sicilian: dragon, classical, 8.O-O"]
[ECO "B73"]
[Time "23:00:04"]
[TimeControl "2700+45"]

1. e4 c5 2. Nf3 d6 3. d4 cxd4 4. Nxd4 Nf6 5. Nc3 g6 6. Be2 Bg7 7. Be3 Nc6 8. O-O
O-O 9. Kh1 Bd7 10. f3 Rc8 11. Qd2 Ne5 12. Bh6 Nc4 13. Bxc4 Bxh6 14. Bxf7+ Kg7
15. Qe2 Rxf7 16. Rad1 Qb6 17. Nb3 Bf4 18. Nd5 Nxd5 19. exd5 Bb5 20. Qe6 Bxf1 21.
Qxc8 Qf2 22. Qc3+ Be5 23. Qd2 Bxg2# {White checkmated} 0-1

[Event "Team 45 45 League T41"]
[Site "Internet Chess Club"]
[Date "2009.05.25"]
[Round "4"]
[White "Fidius"]
[Black "eurander"]
[Result "1-0"]
[WhiteElo "2195"]
[BlackElo "2208"]
[Opening "Caro-Kann: Panov-Botvinnik attack"]
[ECO "B13"]
[Time "14:01:54"]
[TimeControl "2700+45"]

1. e4 c6 2. d4 d5 3. exd5 cxd5 4. c4 Nf6 5. Nc3 Nc6 6. Nf3 Bg4 7. Be2 e6 8. O-O
Be7 9. c5 Ne4 10. Bf4 O-O 11. Rc1 f5 12. Ne5 Bxe2 13. Nxe2 g5 14. Nxc6 bxc6 15.
Be5 Bf6 16. f3 Bxe5 17. dxe5 Qc7 18. fxe4 Qxe5 19. exd5 exd5 20. Nd4 Rf6 21. Qd2
f4 22. Rfe1 Qc7 23. Ne6 {Black resigns} 1-0

[Event "Team 45 45 League T41"]
[Site "Internet Chess Club"]
[Date "2009.05.24"]
[Round "4"]
[White "mugurelt"]
[Black "tourettes"]
[Result "1-0"]
[WhiteElo "1754"]
[BlackElo "1731"]
[Opening "English: Nimzo-English opening"]
[ECO "A17"]
[Time "01:12:39"]
[TimeControl "2700+45"]

1. c4 Nf6 2. Nc3 e6 3. Nf3 Bb4 4. a3 Bxc3 5. bxc3 c5 6. d4 b6 7. Bg5 O-O 8. e4
h6 9. Bxf6 Qxf6 10. e5 Qe7 11. Bd3 Bb7 12. O-O Nc6 13. Be4 Rab8 14. a4 Ba6 15.
Bd3 Rfc8 16. d5 Na5 17. d6 Qd8 18. Nd2 f5 19. f4 g5 20. Qh5 Kg7 21. g4 gxf4 22.
gxf5 Qg5+ 23. Qxg5+ hxg5 24. fxe6 dxe6 25. h4 Rh8 26. hxg5 Rh4 27. Kf2 Rh2+ 28.
Ke1 Rbh8 29. Rxf4 Rg2 30. g6 Rh1+ 31. Nf1 Nc6 32. Be4 Nxe5 33. Bxg2 Rg1 34. Kf2
Rxg2+ 35. Kxg2 Bb7+ 36. Kg3 Nxg6 37. d7 {Black resigns} 1-0

[Event "Team 45 45 League T41"]
[Site "Internet Chess Club"]
[Date "2009.05.25"]
[Round "4"]
[White "vollmerj"]
[Black "RD1974"]
[Result "1-0"]
[WhiteElo "1738"]
[BlackElo "1660"]
[Opening "Scandinavian: Pytel-Wade variation"]
[ECO "B01"]
[Time "11:04:20"]
[TimeControl "2700+45"]

1. e4 d5 2. exd5 Qxd5 3. Nc3 Qd6 4. d4 Nf6 5. Nf3 a6 6. Be2 Nc6 7. Be3 Bf5 8. a3
e6 9. O-O O-O-O 10. Bd3 Bg4 11. Ne4 Nxe4 12. Bxe4 f5 13. Bxc6 Qxc6 14. Ne5 Qxg2+
15. Kxg2 Bxd1 16. Rfxd1 Rg8 17. c3 Bd6 18. Nf7 Rde8 19. Nxd6+ cxd6 20. Re1 g5
21. h3 h5 22. Rg1 Kc7 23. Kf1 Kc6 24. Rxg5 Rxg5 25. Bxg5 Rg8 26. h4 e5 27. dxe5
dxe5 28. Rd1 Rg7 29. Rd8 Rh7 30. Rf8 f4 31. Re8 Kd5 32. f3 a5 33. Re7 Rxe7 34.
Bxe7 e4 35. fxe4+ Kxe4 36. Kf2 a4 37. Ke2 b5 38. Bb4 f3+ 39. Kf2 Kf4 40. Bd6+
Kg4 41. Be7 Kf4 42. Bg5+ Ke4 43. Bh6 Kd3 44. Kxf3 Kc2 45. Bf8 Kxb2 46. Bb4 Kb3
47. Kf4 Kc4 48. Kg5 Kd5 49. Kxh5 Ke6 50. Kg6 {Black resigns} 1-0

[Event "Team 45 45 League T41"]
[Site "Internet Chess Club"]
[Date "2009.05.25"]
[Round "4"]
[White "Jasher"]
[Black "Emrebey"]
[Result "0-1"]
[WhiteElo "1455"]
[BlackElo "1726"]
[Opening "Sicilian defense"]
[ECO "B34"]
[Time "11:29:06"]
[TimeControl "2700+45"]

1. e4 c5 2. Nf3 Nc6 3. d4 cxd4 4. Nxd4 g6 5. c3 Bg7 6. Be3 Nf6 7. Bd3 O-O 8. Nd2
d5 9. Nxc6 bxc6 10. e5 Ng4 11. Nf3 Nxe3 12. fxe3 Qb6 13. Qd2 Bg4 14. O-O Bxf3
15. Rxf3 Bxe5 16. Raf1 Rab8 17. b3 f5 18. c4 f4 19. Kh1 fxe3 20. Rxe3 Bf4 21.
Rxf4 Rxf4 22. Rxe7 Qd4 23. Re1 Rbf8 24. h3 Rf2 25. Qd1 Rxa2 26. cxd5 cxd5 27.
Re4 Qa1 28. Re1 Qxd1 29. Rxd1 Rff2 30. Bf1 Rad2 31. Rc1 d4 32. Kg1 Rc2 33. Rd1
Rfd2 34. Re1 d3 35. b4 Rb2 36. Re8+ Kf7 37. Rd8 Rd1 38. Rxd3 Rxd3 39. Bxd3 Rxb4
40. Kh2 Rd4 41. Bb1 a5 42. Ba2+ Kf6 43. Kg3 a4 44. Kf3 a3 45. Ke3 Rb4 46. Kd3
Rb2 47. Bc4 a2 {White resigns} 0-1

[Event "Team 45 45 League T41"]
[Site "Internet Chess Club"]
[Date "2009.05.25"]
[Round "4"]
[White "havertown"]
[Black "john-beebs"]
[Result "0-1"]
[WhiteElo "1277"]
[BlackElo "1541"]
[Opening "English: four knights, Nimzovich variation"]
[ECO "A22"]
[Time "11:56:43"]
[TimeControl "2700+45"]

1. c4 Nf6 2. Nc3 e5 3. e4 Nc6 4. Nf3 Bb4 5. d3 d6 6. Bd2 Bg4 7. Be2 O-O 8. a3
Bc5 9. Na4 Bxf3 10. Bxf3 Bd4 11. Bc3 a6 12. b4 b5 13. cxb5 axb5 14. Bxd4 Nxd4
15. Nb2 Qd7 16. h3 Qe6 17. O-O Nb3 18. Rb1 Rxa3 19. Qc2 Nd4 20. Qd1 Qb3 21. Qd2
Ra2 22. Bd1 Qe6 23. Qc1 c6 24. Ra1 Rfa8 25. Rxa2 Qxa2 26. Kh1 Qa1 27. Qd2 Ra2
28. Be2 Qxb2 29. Qxb2 Rxb2 30. Ra1 g6 31. Bd1 Rxf2 32. Kg1 Rd2 33. Bf3 Rxd3
{White resigns} 0-1

[Event "Team 45 45 League T41"]
[Site "Internet Chess Club"]
[Date "2009.05.22"]
[Round "4"]
[White "fuzzface"]
[Black "Visin"]
[Result "1-0"]
[WhiteElo "1361"]
[BlackElo "1318"]
[Opening "Sicilian defense"]
[ECO "B20"]
[Time "09:57:04"]
[TimeControl "2700+45"]

1. e4 c5 2. Bc4 e6 3. Nc3 g6 4. Nf3 Bg7 5. d3 Nc6 6. Nb5 Bf8 7. O-O a6 8. Nc3 b5
9. Bxb5 axb5 10. Nxb5 Ba6 11. c4 Bxb5 12. cxb5 Nd4 13. Nxd4 c4 14. dxc4 Bc5 15.
Be3 Nf6 16. Nb3 Bxe3 17. fxe3 Nxe4 18. Qd4 O-O 19. Qxe4 Rc8 20. a4 d5 21. cxd5
exd5 22. Qd3 Re8 23. a5 Re7 24. Nd4 Qe8 25. Rfe1 Rc4 26. Nc6 Rd7 27. a6 Qa8 28.
e4 Rxc6 29. bxc6 Qxc6 30. Qc3 Qb6+ 31. Kh1 Rc7 32. Qxc7 Qxc7 33. a7 dxe4 34.
a8=Q+ Kg7 {Black resigns} 1-0

[Event "Team 45 45 League T41"]
[Site "Internet Chess Club"]
[Date "2009.05.26"]
[Round "4"]
[White "otib2006"]
[Black "jschneigi"]
[Result "1-0"]
[WhiteElo "1282"]
[BlackElo "1218"]
[Opening "Two knights defense"]
[ECO "C55"]
[Time "16:21:37"]
[TimeControl "2700+45"]

1. e4 e5 2. Bc4 Nf6 3. Nf3 Nc6 4. O-O Bc5 5. c3 Nxe4 6. d4 exd4 7. cxd4 Bxd4 8.
Nxd4 d5 9. Nxc6 bxc6 10. Bb3 O-O 11. Nc3 Ba6 12. Re1 Nc5 13. Bf4 Nd3 14. Re3
Nxf4 15. Na4 Qg5 16. g3 Ne6 17. Rc1 Bb5 18. Nc5 Nxc5 19. Rxc5 Rfe8 20. Rxe8+
Rxe8 21. a4 Qh5 22. Qxh5 Be2 23. f3 g6 24. Qg4 Re3 25. Kf2 Rxb3 26. Kxe2 Rxb2+
27. Kd1 Rxh2 28. Rxc6 Ra2 29. Rxc7 Ra1+ 30. Kc2 Ra2+ 31. Kb3 Ra1 32. Qe4 a5 33.
Qd4 Rb1+ 34. Ka2 Rb4 35. Rc8# {Black checkmated} 1-0

[Event "Team 45 45 League T41"]
[Site "Internet Chess Club"]
[Date "2009.05.22"]
[Round "4"]
[White "rookmaster23"]
[Black "Invicta-Knight"]
[Result "0-1"]
[WhiteElo "1356"]
[BlackElo "1615"]
[Opening "Benkö gambit accepted"]
[ECO "A58"]
[Time "15:00:05"]
[TimeControl "2700+45"]

1. d4 Nf6 2. c4 c5 3. d5 b5 4. cxb5 a6 5. bxa6 Bxa6 6. Nf3 g6 7. g3 Bg7 8. Nc3
O-O 9. Bg2 d6 10. O-O Nbd7 11. Re1 Nb6 12. e4 Ng4 13. Bd2 Nc4 14. Qc2 Qb8 15.
Rab1 Nce5 16. Nxe5 Nxe5 17. f4 Bd3 18. Qd1 Bxb1 19. Qxb1 Nc4 20. Bc1 Bxc3 {White
resigns} 0-1

[Event "Team 45 45 League T41"]
[Site "Internet Chess Club"]
[Date "2009.05.31"]
[Round "4"]
[White "stputte"]
[Black "PawnSensei"]
[Result "0-1"]
[WhiteElo "1460"]
[BlackElo "1434"]
[Opening "Bird's opening"]
[ECO "A03"]
[Time "13:34:30"]
[TimeControl "2700+45"]

1. f4 d5 2. Nf3 Nf6 3. g3 c5 4. Bg2 Nc6 5. O-O g6 6. d3 Bg7 7. c3 O-O 8. Qe1 d4
9. e4 dxe3 10. Bxe3 Qxd3 11. Bxc5 Qd8 12. Nbd2 Re8 13. Rd1 Bg4 14. Nc4 Qc7 15.
Rd3 Rab8 16. Nfe5 Nxe5 17. Qxe5 Qxe5 18. Nxe5 Be2 19. Rfd1 Bxd1 20. Rxd1 Rbd8
21. Rxd8 Rxd8 22. Bxe7 Rd1+ 23. Bf1 Nd5 24. Bc5 b6 25. Bf2 Bxe5 26. fxe5 Rb1 27.
c4 Nb4 28. a3 Nd3 29. Bd4 Nxb2 30. Kg2 Na4 31. Be2 Nc5 32. Kh3 Rb3 33. Bxc5 bxc5
34. a4 a5 35. Bg4 Re3 36. Bd7 Rxe5 37. Bb5 Re4 38. g4 g5 39. Kg3 Rd4 40. h4 h6
41. h5 Kg7 42. Kf3 f5 43. gxf5 Kf6 44. Ba6 Kxf5 45. Bc8+ Ke5 46. Ba6 Kf6 47. Bb5
g4+ 48. Kg3 Kg5 49. Kg2 Kxh5 50. Kg3 Kg5 51. Kg2 h5 52. Kg3 h4+ 53. Kg2 Rd2+ 54.
Kg1 h3 55. Bc6 g3 56. Bd5 h2+ 57. Kh1 Rxd5 58. cxd5 Kf6 {White resigns} 0-1

[Event "Team 45 45 League T41"]
[Site "Internet Chess Club"]
[Date "2009.05.25"]
[Round "4"]
[White "BosqueVerde"]
[Black "slipkid"]
[Result "0-1"]
[WhiteElo "1228"]
[BlackElo "1462"]
[Opening "Benkö gambit"]
[ECO "A57"]
[Time "12:00:11"]
[TimeControl "2700+45"]

1. d4 Nf6 2. c4 c5 3. d5 b5 4. b3 bxc4 5. bxc4 d6 6. Nc3 g6 7. Nf3 Bg7 8. Rb1
Qa5 9. Qc2 Bf5 10. Qa4+ Qxa4 11. Rxb8+ Rxb8 12. Nxa4 Rb1 13. Kd1 Ne4 14. Kc2
Nxf2+ {White resigns} 0-1

[Event "Team 45 45 League T41"]
[Site "Internet Chess Club"]
[Date "2009.05.24"]
[Round "4"]
[White "JimGaming"]
[Black "RancidTurnip"]
[Result "1-0"]
[WhiteElo "1314"]
[BlackElo "1109"]
[Opening "Sicilian"]
[ECO "B50"]
[Time "14:02:39"]
[TimeControl "2700+45"]

1. e4 c5 2. Nf3 d6 3. Bc4 Nf6 4. Nc3 a6 5. O-O e6 6. d4 cxd4 7. Nxd4 Qc7 8. Bb3
e5 9. Nf5 Bxf5 10. exf5 Nc6 11. Nd5 Nxd5 12. Bxd5 Be7 13. c3 h6 14. Qh5 Bf6 15.
f4 Nb4 16. cxb4 a5 17. Be3 axb4 18. Rfc1 Qd7 19. Bb6 e4 20. Rc7 Bd4+ 21. Kh1
Qxc7 22. Bxc7 O-O 23. Bxd6 Rad8 24. Bxf8 Rxd5 25. Bxb4 Bxb2 26. Rb1 Bf6 27. a3
Rd7 28. Rc1 Kh7 29. Re1 g6 30. fxg6+ fxg6 31. Qg4 h5 32. Qxd7+ {Black resigns}
1-0

[Event "Team 45 45 League T41"]
[Site "Internet Chess Club"]
[Date "2009.05.23"]
[Round "4"]
[White "Giacometti"]
[Black "vaknight"]
[Result "1-0"]
[WhiteElo "1782"]
[BlackElo "1645"]
[Opening "Bird: From gambit, Lasker variation"]
[ECO "A02"]
[Time "09:00:05"]
[TimeControl "2700+45"]

1. f4 e5 2. fxe5 d6 3. exd6 Bxd6 4. Nf3 g5 5. g3 g4 6. Nh4 Nc6 7. c3 Nge7 8. d4
Ng6 9. Nxg6 hxg6 10. Qd3 Qe7 11. Bg2 Bf5 12. e4 Bxe4 13. Qxe4 O-O-O 14. Qxe7
Nxe7 15. Bg5 Rde8 16. Bxe7 Rxe7+ 17. Kd1 Rhe8 18. Nd2 Re2 19. Bd5 Rf2 20. Bc4 f5
21. Kc2 Rh8 22. Bf7 Rh6 23. Raf1 Rg2 24. Kd3 c6 25. Rfg1 Rxg1 26. Rxg1 Kd7 27.
Rg2 Ke7 28. Bb3 g5 29. Nc4 f4 30. Nxd6 f3 31. Rf2 Kxd6 32. Ke4 Rf6 33. Bc4 b5
34. Bd3 a6 35. Bf1 {Black resigns} 1-0

[Event "Team 45 45 League T41"]
[Site "Internet Chess Club"]
[Date "2009.05.25"]
[Round "4"]
[White "rayonline53"]
[Black "musk6868"]
[Result "0-1"]
[WhiteElo "1491"]
[BlackElo "1684"]
[Opening "Ruy Lopez: closed, Chigorin, 12...c5d4"]
[ECO "C90"]
[Time "17:00:14"]
[TimeControl "2700+45"]

1. e4 e5 2. Nf3 Nc6 3. Bb5 a6 4. Ba4 Nf6 5. O-O Be7 6. Re1 b5 7. Bb3 d6 8. c3
Na5 9. Bc2 c5 10. d4 cxd4 11. cxd4 Qc7 12. h3 O-O 13. Nbd2 exd4 14. Nxd4 Bb7 15.
Nf1 Rac8 16. Bd3 Nc6 17. Nxc6 Qxc6 18. Bf4 Ba8 19. Rc1 Qb7 20. Ng3 Rfd8 21. Qe2
Rc5 22. Be3 Rxc1 23. Bxc1 d5 24. f3 dxe4 25. Nxe4 Qd7 26. Bc2 Qd4+ 27. Kh1 Bxe4
28. fxe4 Qe5 29. Qf3 Bd6 30. g3 Qxg3 31. Qxg3 Bxg3 32. Rg1 Be5 33. Bh6 Nh5 34.
Bg5 Rc8 35. Bb3 Ng3+ 36. Kg2 Nxe4 37. Be3 Bxb2 38. Kf3 Nf6 39. Rd1 a5 40. Rd3
Kf8 41. Bd2 b4 42. Ke2 Ne4 43. Be3 a4 44. Bxa4 Nc3+ {White resigns} 0-1

[Event "Team 45 45 League T41"]
[Site "Internet Chess Club"]
[Date "2009.05.25"]
[Round "4"]
[White "ticopatzer"]
[Black "Pawndemonium"]
[Result "0-1"]
[WhiteElo "1530"]
[BlackElo "1505"]
[Opening "Réti opening"]
[ECO "A04"]
[Time "21:03:38"]
[TimeControl "2700+45"]

1. Nf3 g6 2. c4 Bg7 3. g3 e5 4. e4 Nf6 5. Nc3 O-O 6. d4 exd4 7. Nxd4 d6 8. Bg2
c6 9. O-O Be6 10. Qe2 Nbd7 11. Rd1 Ne5 12. Nxe6 fxe6 13. Bf4 Qe7 14. c5 Nh5 15.
cxd6 Qf7 16. Bxe5 Bxe5 17. f4 Nxf4 18. gxf4 Qxf4 19. Bh3 Qg5+ 20. Qg2 Qe3+ 21.
Kh1 Rf2 22. Bxe6+ Kg7 23. Re1 Qf4 24. Qg3 Rxh2+ 25. Kxh2 Qxg3+ 26. Kh1 Qh2#
{White checkmated} 0-1